[ AOE2 MATCH · #478612431 ]
UnrankedMongols vs Malay
[ REPLAY ANALYSIS · EXTRACTED FROM THE RECORDED GAME ]
Feudal
10:33
Castle
14:03
Imperial
28:00
| APM avg | 56.0 |
| APM peak | 105 |
| eAPM avg | 34.0 |
| Villagers / military | 179 / 285 |
Focus
⚔️ 41.3% · 🌾 58.7%
Scout Cavalry ×238 · Mangudai ×45 · Monk ×2
Feudal
12:00
Castle
15:40
Imperial
35:54
| APM avg | 20.1 |
| APM peak | 46 |
| eAPM avg | 11.2 |
| Villagers / military | 162 / 19 |
Focus
⚔️ 20.8% · 🌾 79.2%
Trade Cart ×15 · Ratha (Ranged) ×10 · Mangonel ×8 · Elephant Archer ×1
Feudal
9:42
Castle
13:12
Imperial
28:59
| APM avg | 49.0 |
| APM peak | 73 |
| eAPM avg | 34.3 |
| Villagers / military | 232 / 125 |
Focus
⚔️ 29.6% · 🌾 70.4%
Hand Cannoneer ×86 · Trade Cart ×44 · Monaspa ×34 · Monk ×4 · Skirmisher ×1
Feudal
12:00
Castle
22:03
Imperial
—
| APM avg | 31.9 |
| APM peak | 69 |
| eAPM avg | 17.3 |
| Villagers / military | 83 / 4 |
Focus
⚔️ 9.1% · 🌾 90.9%
Mangonel ×4
Feudal
—
Castle
—
Imperial
—
| APM avg | 2506.3 |
| APM peak | 8175 |
| eAPM avg | 2505.6 |
| Villagers / military | 0 / 190 |
Focus
⚔️ 90.3% · 🌾 9.7%
Skirmisher ×109 · Spearman ×37 · Karambit Warrior ×21 · Archer ×9 · Battering Ram ×9 · Mangonel ×4
Feudal
—
Castle
—
Imperial
—
| APM avg | 713.5 |
| APM peak | 1997 |
| eAPM avg | 713.4 |
| Villagers / military | 0 / 224 |
Focus
⚔️ 70.9% · 🌾 29.1%
Obuch ×103 · Scout Cavalry ×49 · Spearman ×28 · Archer ×14 · Battering Ram ×14 · Trebuchet (Packed) ×6
Feudal
—
Castle
—
Imperial
—
| APM avg | 798.4 |
| APM peak | 1648 |
| eAPM avg | 796.5 |
| Villagers / military | 0 / 184 |
Focus
⚔️ 56.3% · 🌾 43.7%
Janissary ×72 · Camel Scout ×43 · Scout Cavalry ×30 · Bombard Cannon ×20 · Battering Ram ×7 · Trebuchet (Packed) ×6
Feudal
—
Castle
—
Imperial
—
| APM avg | 882.4 |
| APM peak | 2701 |
| eAPM avg | 880.9 |
| Villagers / military | 0 / 88 |
Focus
⚔️ 65.6% · 🌾 34.4%
Unknown (1959) ×70 · Scout Cavalry ×35 · Spearman ×34 · Battering Ram ×11 · Monk ×7 · Mangonel ×1
Match map
Initial resources + every placement click. Lines = walls · curves = elevation contours. ◆ gold · ⬟ stone · ● berries · ✦ relic · ◌ wall gap
Your base· Open — unwalled flank
HAKUNA MATATA's base· Open — unwalled flank
NoisyBuoy's base· Open — unwalled flank
cCc_BADDAL ~ 1071.571's base· Open — unwalled flank
's base· Open — unwalled flank
's base· Open — unwalled flank
's base· Open — unwalled flank
's base· Open — unwalled flank
Smoothed initial terrain · ◌ = detected wall gap · hover for details
Inputs per minute
— BigPoppaNoob - - HAKUNA MATATA
Build order — BigPoppaNoob
First 150 of 631 actions detected
| 0:01 | Create | Villager (Male) |
| 0:01 | Create | Villager (Male) |
| 0:01 | Create | Villager (Male) |
| 0:01 | Create | Villager (Male) |
| 0:01 | Create | Villager (Male) |
| 0:03 | Build | House |
| 0:04 | Build | House |
| 1:32 | Create | Villager (Male) |
| 1:48 | Build | Lumber Camp |
| 2:00 | Create | Villager (Male) |
| 2:12 | Create | Villager (Male) |
| 2:49 | Create | Villager (Male) |
| 2:59 | Create | Villager (Male) |
| 3:04 | Build | House |
| 3:31 | Create | Villager (Male) |
| 3:47 | Create | Villager (Male) |
| 3:47 | Create | Villager (Male) |
| 4:07 | Build | Mill |
| 4:21 | Create | Villager (Male) |
| 4:36 | Create | Villager (Male) |
| 5:17 | Create | Villager (Male) |
| 5:25 | Create | Villager (Male) |
| 5:42 | Create | Villager (Male) |
| 5:45 | Build | House |
| 6:09 | Create | Villager (Male) |
| 6:15 | Build | House |
| 6:17 | Create | Villager (Male) |
| 6:17 | Create | Villager (Male) |
| 6:47 | Create | Villager (Male) |
| 7:31 | Create | Villager (Male) |
| 8:08 | Build | Mining Camp |
| 8:23 | Research | Feudal Age |
| 9:41 | Create | Villager (Male) |
| 9:41 | Create | Villager (Male) |
| 10:33 | Age | Feudal Age |
| 10:35 | Build | Market |
| 10:37 | Build | Blacksmith |
| 11:21 | Research | Castle Age |
| 11:21 | Research | Double-Bit Axe |
| 11:52 | Research | Horse Collar |
| 12:24 | Build | House |
| 14:03 | Age | Castle Age |
| 14:06 | Build | Town Center |
| 14:09 | Build | Town Center |
| 14:18 | Create | Villager (Male) |
| 14:34 | Create | Villager (Male) |
| 14:36 | Research | Bow Saw |
| 14:44 | Research | Heavy Plow |
| 14:56 | Build | Monastery |
| 15:05 | Create | Villager (Male) |
| 15:09 | Build | Farm |
| 15:11 | Build | Farm |
| 15:15 | Build | Farm |
| 15:20 | Build | Farm |
| 15:21 | Create | Villager (Male) |
| 15:25 | Create | Villager (Male) |
| 15:28 | Create | Villager (Male) |
| 15:32 | Build | Farm |
| 15:34 | Create | Villager (Male) |
| 15:36 | Build | Farm |
| 15:40 | Create | Villager (Male) |
| 15:46 | Create | Villager (Male) |
| 15:48 | Build | Farm |
| 15:50 | Build | Farm |
| 15:53 | Build | Farm |
| 15:54 | Create | Villager (Male) |
| 16:00 | Build | Farm |
| 16:02 | Create | Villager (Male) |
| 16:06 | Build | Farm |
| 16:15 | Build | Farm |
| 16:24 | Build | Farm |
| 16:25 | Create | Villager (Male) |
| 16:33 | Build | Farm |
| 16:35 | Create | Villager (Male) |
| 16:35 | Create | Villager (Male) |
| 16:38 | Build | Farm |
| 16:44 | Build | Farm |
| 16:55 | Create | Monk |
| 16:56 | Create | Villager (Male) |
| 17:01 | Build | Farm |
| 17:02 | Create | Villager (Male) |
| 17:04 | Build | Farm |
| 17:08 | Build | Farm |
| 17:11 | Create | Villager (Male) |
| 17:11 | Create | Villager (Male) |
| 17:13 | Build | Farm |
| 17:20 | Build | Farm |
| 17:22 | Create | Villager (Male) |
| 17:22 | Create | Villager (Male) |
| 17:33 | Build | House |
| 17:35 | Create | Villager (Male) |
| 17:37 | Build | House |
| 17:37 | Create | Villager (Male) |
| 17:48 | Build | House |
| 17:50 | Create | Villager (Male) |
| 17:59 | Create | Villager (Male) |
| 18:01 | Build | Farm |
| 18:05 | Build | Farm |
| 18:07 | Create | Villager (Male) |
| 18:08 | Create | Villager (Male) |
| 18:10 | Build | Farm |
| 18:11 | Create | Villager (Male) |
| 18:17 | Build | Farm |
| 18:20 | Build | Farm |
| 18:23 | Build | House |
| 18:25 | Create | Villager (Male) |
| 18:29 | Create | Villager (Male) |
| 18:40 | Create | Villager (Male) |
| 18:41 | Build | Farm |
| 18:43 | Create | Villager (Male) |
| 18:44 | Create | Villager (Male) |
| 18:45 | Create | Villager (Male) |
| 18:50 | Build | Farm |
| 18:56 | Create | Villager (Male) |
| 18:56 | Create | Villager (Male) |
| 19:03 | Build | House |
| 19:05 | Create | Villager (Male) |
| 19:16 | Build | House |
| 19:23 | Create | Villager (Male) |
| 19:23 | Create | Villager (Male) |
| 19:32 | Create | Monk |
| 19:52 | Create | Villager (Male) |
| 19:52 | Create | Villager (Male) |
| 19:53 | Create | Villager (Male) |
| 19:55 | Research | Gold Mining |
| 20:01 | Create | Villager (Male) |
| 20:05 | Build | Farm |
| 20:08 | Build | Farm |
| 20:10 | Create | Villager (Male) |
| 20:13 | Build | Farm |
| 20:17 | Build | Farm |
| 20:19 | Create | Villager (Male) |
| 20:21 | Build | Farm |
| 20:22 | Create | Villager (Male) |
| 20:25 | Build | House |
| 20:29 | Build | House |
| 20:35 | Build | House |
| 20:37 | Research | Wheelbarrow |
| 20:40 | Research | Loom |
| 20:46 | Research | Town Watch |
| 20:47 | Create | Villager (Male) |
| 20:47 | Create | Villager (Male) |
| 20:48 | Create | Villager (Male) |
| 20:48 | Create | Villager (Male) |
| 21:01 | Build | Town Center |
| 21:02 | Create | Villager (Male) |
| 21:03 | Create | Villager (Male) |
| 21:04 | Create | Villager (Male) |
| 21:11 | Build | Mining Camp |
| 21:13 | Create | Villager (Male) |
Build order — HAKUNA MATATA
First 150 of 228 actions detected
| 0:02 | Create | Villager (Male) |
| 0:02 | Create | Villager (Male) |
| 0:02 | Create | Villager (Male) |
| 0:03 | Create | Villager (Male) |
| 0:03 | Create | Villager (Male) |
| 0:05 | Build | House |
| 0:06 | Build | House |
| 1:39 | Create | Villager (Male) |
| 1:55 | Build | Lumber Camp |
| 2:19 | Create | Villager (Male) |
| 2:19 | Create | Villager (Male) |
| 2:19 | Create | Villager (Male) |
| 2:26 | Create | Villager (Male) |
| 3:14 | Create | Villager (Male) |
| 3:14 | Create | Villager (Male) |
| 3:39 | Build | House |
| 3:59 | Create | Villager (Male) |
| 4:00 | Create | Villager (Male) |
| 4:02 | Create | Villager (Male) |
| 4:02 | Create | Villager (Male) |
| 4:02 | Create | Villager (Male) |
| 4:40 | Build | House |
| 4:41 | Build | House |
| 5:01 | Create | Villager (Male) |
| 5:13 | Create | Villager (Male) |
| 5:40 | Create | Villager (Male) |
| 5:40 | Create | Villager (Male) |
| 5:40 | Create | Villager (Male) |
| 5:41 | Create | Villager (Male) |
| 6:08 | Build | Mill |
| 6:35 | Create | Villager (Male) |
| 6:35 | Create | Villager (Male) |
| 6:36 | Create | Villager (Male) |
| 7:35 | Create | Villager (Male) |
| 8:23 | Create | Villager (Male) |
| 8:46 | Build | Mining Camp |
| 8:55 | Create | Villager (Male) |
| 8:56 | Create | Villager (Male) |
| 9:40 | Research | Feudal Age |
| 10:29 | Create | Villager (Male) |
| 10:29 | Create | Villager (Male) |
| 10:29 | Create | Villager (Male) |
| 12:00 | Age | Feudal Age |
| 12:03 | Build | Market |
| 12:06 | Build | Blacksmith |
| 13:00 | Research | Castle Age |
| 13:05 | Research | Horse Collar |
| 13:12 | Research | Double-Bit Axe |
| 13:26 | Build | Farm |
| 13:50 | Build | House |
| 13:51 | Build | House |
| 13:54 | Create | Villager (Male) |
| 13:58 | Build | Farm |
| 14:06 | Build | Farm |
| 14:28 | Build | Farm |
| 14:31 | Build | Farm |
| 14:48 | Build | Farm |
| 14:52 | Build | Farm |
| 14:58 | Build | Farm |
| 15:40 | Age | Castle Age |
| 15:43 | Create | Villager (Male) |
| 16:06 | Build | Castle |
| 16:17 | Build | Gate |
| 16:19 | Build | Palisade Wall |
| 16:22 | Build | Palisade Wall |
| 17:09 | Create | Villager (Male) |
| 17:09 | Create | Villager (Male) |
| 17:09 | Create | Villager (Male) |
| 17:09 | Create | Villager (Male) |
| 17:10 | Create | Villager (Male) |
| 17:10 | Create | Villager (Male) |
| 17:10 | Create | Villager (Male) |
| 17:22 | Build | Mining Camp |
| 17:31 | Research | Loom |
| 17:32 | Research | Town Watch |
| 17:35 | Research | Bow Saw |
| 18:27 | Create | Villager (Male) |
| 18:27 | Create | Villager (Male) |
| 18:27 | Create | Villager (Male) |
| 18:28 | Create | Villager (Male) |
| 18:28 | Create | Villager (Male) |
| 18:28 | Create | Villager (Male) |
| 19:15 | Build | Town Center |
| 19:21 | Create | Villager (Male) ×3 |
| 19:22 | Create | Villager (Male) ×3 |
| 20:26 | Build | Castle |
| 20:32 | Build | Stone Wall |
| 20:42 | Build | Palisade Gate |
| 21:22 | Create | Villager (Male) ×5 |
| 21:22 | Create | Villager (Male) ×5 |
| 21:22 | Create | Villager (Male) ×2 |
| 21:34 | Research | Fletching |
| 22:27 | Create | Ratha (Ranged) ×2 |
| 22:27 | Create | Ratha (Ranged) ×2 |
| 23:04 | Create | Villager (Male) ×5 |
| 23:04 | Create | Villager (Male) ×5 |
| 23:07 | Create | Ratha (Ranged) ×3 |
| 23:07 | Create | Ratha (Ranged) ×3 |
| 24:24 | Build | Siege Workshop |
| 24:36 | Create | Villager (Male) ×5 |
| 24:36 | Create | Villager (Male) ×5 |
| 24:37 | Create | Villager (Male) |
| 24:37 | Create | Villager (Male) |
| 25:12 | Create | Mangonel ×4 |
| 25:12 | Create | Mangonel ×4 |
| 25:38 | Build | Town Center |
| 25:54 | Build | Stone Wall |
| 26:14 | Build | University |
| 26:28 | Research | Bodkin Arrow |
| 26:30 | Create | Villager (Male) |
| 26:30 | Create | Villager (Male) |
| 26:30 | Create | Villager (Male) |
| 26:34 | Build | Farm |
| 26:35 | Build | Farm |
| 26:39 | Build | Farm |
| 26:43 | Create | Villager (Male) |
| 27:00 | Build | Lumber Camp |
| 27:18 | Create | Villager (Male) ×2 |
| 27:18 | Create | Villager (Male) ×2 |
| 28:02 | Build | Stone Wall |
| 28:33 | Create | Villager (Male) ×4 |
| 28:33 | Create | Villager (Male) ×4 |
| 29:22 | Create | Villager (Male) ×4 |
| 29:22 | Create | Villager (Male) ×4 |
| 29:26 | Build | Farm |
| 29:30 | Build | Farm |
| 29:31 | Build | Farm |
| 29:33 | Build | Farm |
| 29:34 | Build | Farm |
| 29:36 | Build | Farm |
| 29:37 | Build | Farm |
| 29:38 | Build | Farm |
| 29:39 | Build | Farm |
| 29:43 | Build | Town Center |
| 29:56 | Build | Market |
| 30:04 | Build | Market |
| 30:05 | Build | Market |
| 30:06 | Build | Market |
| 30:21 | Create | Villager (Male) ×5 |
| 30:21 | Create | Villager (Male) ×5 |
| 30:31 | Build | Farm |
| 30:33 | Build | Farm |
| 30:34 | Build | Farm |
| 30:39 | Build | Farm |
| 30:43 | Build | Farm |
| 30:44 | Build | Farm |
| 30:45 | Build | Farm |
| 30:46 | Build | Farm |
| 30:47 | Build | Farm |
| 30:48 | Build | Farm |
Build order — NoisyBuoy
First 150 of 600 actions detected
| 0:02 | Create | Villager (Male) ×4 |
| 0:03 | Create | Villager (Male) ×4 |
| 0:04 | Build | House |
| 0:05 | Build | House |
| 1:24 | Create | Villager (Male) |
| 2:00 | Create | Villager (Male) |
| 2:00 | Create | Villager (Male) |
| 2:26 | Create | Villager (Male) |
| 2:26 | Create | Villager (Male) |
| 2:41 | Create | Villager (Male) |
| 3:06 | Build | Mill |
| 3:14 | Create | Villager (Male) |
| 3:14 | Create | Villager (Male) |
| 3:19 | Build | House |
| 4:10 | Create | Villager (Male) |
| 4:10 | Create | Villager (Male) |
| 4:11 | Create | Villager (Male) |
| 4:11 | Create | Villager (Male) |
| 4:36 | Create | Villager (Male) |
| 5:17 | Create | Villager (Male) |
| 5:44 | Build | House |
| 5:47 | Create | Villager (Male) |
| 6:15 | Create | Villager (Male) |
| 6:32 | Create | Villager (Male) |
| 7:01 | Create | Villager (Male) |
| 7:18 | Build | Mule Cart |
| 7:30 | Research | Feudal Age |
| 7:30 | Research | Feudal Age |
| 7:59 | Create | Villager (Male) |
| 7:59 | Create | Villager (Male) |
| 9:42 | Age | Feudal Age |
| 9:44 | Build | Blacksmith |
| 9:45 | Build | Market |
| 10:32 | Research | Castle Age |
| 10:32 | Research | Castle Age |
| 10:54 | Build | House |
| 11:33 | Research | Double-Bit Axe |
| 11:33 | Research | Double-Bit Axe |
| 12:01 | Research | Horse Collar |
| 12:02 | Research | Horse Collar |
| 12:18 | Build | Farm |
| 12:24 | Create | Villager (Male) |
| 12:33 | Build | Farm |
| 13:12 | Age | Castle Age |
| 13:15 | Research | Bow Saw |
| 13:32 | Create | Villager (Male) |
| 13:37 | Build | Town Center |
| 13:50 | Create | Villager (Male) |
| 13:57 | Build | Farm |
| 14:04 | Build | Farm |
| 14:20 | Create | Villager (Male) |
| 14:24 | Build | Farm |
| 14:39 | Build | Farm |
| 14:52 | Create | Villager (Male) |
| 14:54 | Build | Farm |
| 14:56 | Build | Farm |
| 15:09 | Create | Villager (Male) |
| 15:17 | Create | Villager (Male) |
| 15:22 | Build | Farm |
| 15:25 | Build | Farm |
| 15:34 | Build | Farm |
| 15:41 | Create | Villager (Male) |
| 15:42 | Create | Villager (Male) |
| 15:44 | Create | Villager (Male) |
| 15:48 | Build | House |
| 16:02 | Build | Monastery |
| 16:04 | Create | Villager (Male) |
| 16:13 | Build | Farm |
| 16:25 | Build | House |
| 16:27 | Create | Villager (Male) |
| 16:32 | Create | Villager (Male) |
| 16:40 | Build | Farm |
| 16:46 | Build | Farm |
| 16:46 | Create | Monk |
| 16:58 | Create | Villager (Male) |
| 16:59 | Create | Villager (Male) |
| 17:02 | Build | House |
| 17:06 | Build | Town Center |
| 17:06 | Create | Villager (Male) |
| 17:14 | Create | Monk |
| 17:23 | Create | Villager (Male) |
| 17:27 | Build | Farm |
| 17:31 | Build | Farm |
| 17:33 | Build | House |
| 17:43 | Create | Villager (Male) |
| 17:49 | Create | Villager (Male) |
| 17:50 | Create | Villager (Male) |
| 17:53 | Build | Farm |
| 18:07 | Create | Villager (Male) |
| 18:09 | Create | Villager (Male) |
| 18:14 | Build | House |
| 18:17 | Build | Farm |
| 18:18 | Build | Farm |
| 18:19 | Build | Farm |
| 18:20 | Build | Farm |
| 18:24 | Build | Farm |
| 18:29 | Create | Villager (Male) |
| 18:30 | Create | Monk |
| 18:34 | Create | Villager (Male) |
| 18:39 | Create | Villager (Male) |
| 18:43 | Build | Farm |
| 18:47 | Build | Monastery |
| 18:49 | Create | Villager (Male) |
| 18:54 | Build | Farm |
| 18:55 | Create | Villager (Male) |
| 18:59 | Build | House |
| 19:02 | Create | Monk |
| 19:07 | Research | Heavy Plow |
| 19:07 | Research | Heavy Plow |
| 19:07 | Research | Heavy Plow |
| 19:14 | Create | Villager (Male) |
| 19:14 | Create | Villager (Male) |
| 19:15 | Build | Farm |
| 19:17 | Create | Villager (Male) |
| 19:28 | Create | Villager (Male) |
| 19:29 | Create | Villager (Male) |
| 19:29 | Create | Villager (Male) |
| 19:41 | Build | House |
| 19:46 | Create | Villager (Male) |
| 19:49 | Build | Farm |
| 19:50 | Create | Villager (Male) |
| 19:51 | Build | Farm |
| 19:53 | Create | Villager (Male) |
| 19:54 | Create | Villager (Male) |
| 19:54 | Create | Villager (Male) |
| 20:04 | Create | Villager (Male) |
| 20:05 | Create | Villager (Male) |
| 20:05 | Create | Villager (Male) |
| 20:08 | Build | Farm |
| 20:16 | Create | Villager (Male) |
| 20:17 | Create | Villager (Male) |
| 20:19 | Build | Farm |
| 20:19 | Create | Villager (Male) |
| 20:21 | Build | House |
| 20:22 | Build | House |
| 20:24 | Create | Villager (Male) |
| 20:30 | Research | Gold Mining |
| 20:34 | Research | Stone Mining |
| 20:34 | Research | Stone Mining |
| 20:34 | Create | Villager (Male) |
| 20:35 | Create | Villager (Male) |
| 20:39 | Create | Villager (Male) |
| 20:39 | Create | Villager (Male) |
| 21:08 | Create | Villager (Male) |
| 21:08 | Create | Villager (Male) |
| 21:08 | Create | Villager (Male) |
| 21:10 | Create | Villager (Male) |
| 21:10 | Create | Villager (Male) |
| 21:14 | Build | Town Center |
| 21:23 | Build | Farm |
Build order — cCc_BADDAL ~ 1071.571
First 150 of 164 actions detected
| 0:01 | Create | Villager (Male) |
| 0:01 | Create | Villager (Male) |
| 0:02 | Create | Villager (Male) |
| 0:02 | Create | Villager (Male) |
| 0:08 | Build | House |
| 0:10 | Build | House |
| 0:17 | Build | House |
| 0:50 | Research | Loom |
| 0:53 | Create | Villager (Male) |
| 2:00 | Create | Villager (Male) |
| 2:39 | Create | Villager (Male) |
| 3:35 | Create | Villager (Male) |
| 3:35 | Create | Villager (Male) |
| 4:10 | Create | Villager (Male) |
| 4:11 | Create | Villager (Male) |
| 4:34 | Create | Villager (Male) |
| 5:03 | Create | Villager (Male) |
| 5:03 | Create | Villager (Male) |
| 5:17 | Create | Villager (Male) |
| 5:58 | Create | Villager (Male) |
| 6:19 | Build | Lumber Camp |
| 6:40 | Build | House |
| 7:00 | Create | Villager (Male) |
| 7:07 | Create | Villager (Male) |
| 7:07 | Create | Villager (Male) |
| 7:08 | Create | Villager (Male) |
| 8:09 | Create | Villager (Male) |
| 8:27 | Create | Villager (Male) |
| 8:34 | Build | House |
| 8:44 | Create | Villager (Male) |
| 8:54 | Build | Mill |
| 9:50 | Research | Feudal Age |
| 10:29 | Build | Mining Camp |
| 10:51 | Create | Villager (Male) |
| 11:00 | Create | Villager (Male) |
| 11:18 | Create | Villager (Male) |
| 11:52 | Create | Villager (Male) |
| 12:00 | Age | Feudal Age |
| 12:16 | Build | Market |
| 12:38 | Create | Villager (Male) |
| 13:16 | Build | Watch Tower |
| 13:38 | Build | House |
| 13:44 | Build | Stone Wall |
| 14:08 | Create | Villager (Male) |
| 14:31 | Create | Villager (Male) |
| 14:38 | Build | Blacksmith |
| 15:32 | Build | Watch Tower |
| 15:36 | Create | Villager (Male) |
| 15:36 | Create | Villager (Male) |
| 17:54 | Create | Villager (Male) |
| 18:21 | Build | Mining Camp |
| 18:30 | Create | Villager (Male) |
| 19:23 | Research | Castle Age |
| 22:03 | Age | Castle Age |
| 22:29 | Build | Castle |
| 22:35 | Build | Siege Workshop |
| 22:48 | Build | Stone Wall |
| 23:47 | Build | House |
| 24:14 | Build | Town Center |
| 25:06 | Create | Mangonel |
| 25:06 | Create | Mangonel |
| 25:29 | Create | Villager (Male) |
| 25:39 | Build | Farm |
| 25:40 | Build | Farm |
| 25:42 | Build | Farm |
| 25:51 | Build | Farm |
| 26:13 | Build | Palisade Wall |
| 26:20 | Build | Palisade Wall |
| 26:57 | Build | Town Center |
| 27:03 | Build | Farm |
| 27:04 | Build | Farm |
| 27:15 | Build | House |
| 27:25 | Create | Villager (Male) |
| 28:12 | Build | Farm |
| 28:13 | Create | Villager (Male) |
| 28:24 | Build | Farm |
| 28:25 | Build | Farm |
| 28:26 | Build | Farm |
| 28:31 | Build | Farm |
| 28:32 | Build | Farm |
| 28:35 | Create | Villager (Male) |
| 29:00 | Create | Villager (Male) |
| 29:08 | Build | Farm |
| 29:12 | Create | Villager (Male) |
| 29:12 | Create | Villager (Male) |
| 29:16 | Create | Villager (Male) |
| 29:16 | Create | Villager (Male) |
| 29:24 | Create | Villager (Male) |
| 29:28 | Build | Farm |
| 29:44 | Create | Villager (Male) |
| 29:51 | Create | Mangonel |
| 29:55 | Research | Fletching |
| 30:17 | Create | Villager (Male) |
| 30:24 | Create | Villager (Male) |
| 30:28 | Build | Farm |
| 30:30 | Build | Farm |
| 30:33 | Create | Villager (Male) |
| 30:39 | Build | Farm |
| 30:42 | Build | Farm |
| 30:51 | Create | Mangonel |
| 31:08 | Research | Wheelbarrow |
| 31:30 | Build | Stone Wall |
| 31:59 | Create | Villager (Male) |
| 32:00 | Create | Villager (Male) |
| 32:01 | Create | Villager (Male) |
| 32:02 | Create | Villager (Male) |
| 32:14 | Research | Gold Mining |
| 32:22 | Create | Villager (Male) |
| 32:56 | Build | Mining Camp |
| 33:14 | Create | Villager (Male) |
| 33:14 | Create | Villager (Male) |
| 33:15 | Create | Villager (Male) |
| 33:27 | Create | Villager (Male) |
| 33:27 | Create | Villager (Male) |
| 33:27 | Create | Villager (Male) |
| 33:28 | Create | Villager (Male) |
| 33:28 | Create | Villager (Male) |
| 33:37 | Build | Mining Camp |
| 33:42 | Create | Villager (Male) |
| 33:42 | Create | Villager (Male) |
| 34:05 | Create | Villager (Male) |
| 34:37 | Create | Villager (Male) |
| 34:38 | Create | Villager (Male) |
| 34:42 | Create | Villager (Male) |
| 34:42 | Create | Villager (Male) |
| 34:42 | Create | Villager (Male) |
| 34:43 | Create | Villager (Male) |
| 34:55 | Build | Barracks |
| 35:26 | Create | Villager (Male) |
| 35:27 | Create | Villager (Male) |
| 35:27 | Create | Villager (Male) |
| 35:28 | Create | Villager (Male) |
| 35:41 | Create | Villager (Male) |
| 35:41 | Create | Villager (Male) |
| 35:53 | Build | Mill |
| 35:57 | Build | Farm |
| 35:58 | Build | Farm |
| 35:59 | Build | Farm |
| 36:00 | Build | Farm |
| 36:03 | Build | Farm |
| 36:11 | Create | Villager (Male) |
| 36:11 | Create | Villager (Male) |
| 36:46 | Build | Farm |
| 37:58 | Build | Castle |
| 38:03 | Build | Farm |
| 38:17 | Build | House |
| 38:23 | Build | House |
| 38:24 | Build | House |
| 38:25 | Build | House |
| 38:38 | Build | Farm |
Build order —
First 150 of 422 actions detected
| 0:00 | Build | House |
| 0:01 | Build | House |
| 1:41 | Research | Tech None |
| 1:42 | Build | Lumber Camp |
| 1:45 | Build | Lumber Camp |
| 1:48 | Build | Lumber Camp |
| 1:49 | Build | Lumber Camp |
| 1:52 | Build | Lumber Camp |
| 1:54 | Build | Lumber Camp |
| 1:57 | Build | Lumber Camp |
| 1:59 | Build | Lumber Camp |
| 2:01 | Build | Lumber Camp |
| 2:04 | Build | Lumber Camp |
| 3:33 | Build | Mill |
| 3:53 | Build | Lumber Camp |
| 4:12 | Build | House |
| 6:17 | Research | Tech None |
| 6:17 | Build | Mining Camp |
| 6:18 | Build | House |
| 7:15 | Build | Barracks |
| 8:00 | Research | Tech None |
| 8:02 | Research | Tech None |
| 8:05 | Create | Spearman |
| 8:25 | Build | House |
| 8:46 | Build | Archery Range |
| 8:54 | Build | Farm |
| 9:02 | Build | Farm |
| 9:21 | Create | Archer |
| 10:04 | Build | Archery Range |
| 10:13 | Build | House |
| 10:18 | Build | House |
| 10:21 | Build | House |
| 10:45 | Build | House |
| 10:46 | Create | Archer |
| 10:59 | Build | Farm |
| 11:58 | Build | Farm |
| 12:10 | Build | Farm |
| 12:11 | Build | House |
| 12:11 | Build | House |
| 12:14 | Create | Skirmisher |
| 12:35 | Build | Blacksmith |
| 12:47 | Build | Farm |
| 12:53 | Build | Farm |
| 12:57 | Create | Archer |
| 13:09 | Create | Archer |
| 13:21 | Research | Tech None |
| 13:25 | Research | Tech None |
| 13:26 | Build | Farm |
| 13:29 | Build | Watch Tower |
| 13:30 | Build | Watch Tower |
| 13:37 | Build | House |
| 13:46 | Build | House |
| 13:50 | Build | Farm |
| 13:54 | Build | Watch Tower |
| 13:57 | Build | Farm |
| 14:16 | Build | Farm |
| 14:23 | Build | Lumber Camp |
| 14:33 | Build | Watch Tower |
| 14:44 | Build | Farm |
| 15:13 | Research | Tech None |
| 15:26 | Build | Archery Range |
| 15:40 | Build | Farm |
| 15:42 | Research | Tech None |
| 15:57 | Build | Farm |
| 16:19 | Build | Market |
| 16:30 | Create | Archer |
| 16:45 | Build | Farm |
| 17:11 | Create | Archer |
| 17:19 | Create | Archer |
| 17:23 | Research | Tech None |
| 17:24 | Build | Mining Camp |
| 18:27 | Build | Archery Range |
| 18:28 | Create | Skirmisher |
| 18:34 | Create | Skirmisher |
| 18:37 | Create | Spearman |
| 18:51 | Create | Skirmisher |
| 18:55 | Create | Skirmisher |
| 18:57 | Create | Skirmisher |
| 19:00 | Research | Tech None |
| 19:16 | Build | Siege Workshop |
| 19:41 | Build | Town Center |
| 19:54 | Research | Tech None |
| 19:58 | Create | Archer |
| 20:14 | Create | Archer |
| 20:32 | Research | Tech None |
| 20:40 | Build | Town Center |
| 20:41 | Build | Farm |
| 20:57 | Create | Battering Ram |
| 21:08 | Build | Mining Camp |
| 21:12 | Create | Spearman |
| 21:35 | Create | Battering Ram |
| 22:02 | Create | Skirmisher |
| 22:02 | Build | Lumber Camp |
| 22:02 | Create | Skirmisher |
| 22:09 | Build | Farm |
| 22:14 | Build | Farm |
| 22:15 | Create | Skirmisher |
| 22:16 | Create | Skirmisher |
| 22:28 | Build | Farm |
| 22:34 | Create | Skirmisher |
| 22:37 | Build | Farm |
| 22:39 | Build | Farm |
| 22:41 | Build | Farm |
| 22:49 | Research | Tech None |
| 23:13 | Create | Skirmisher |
| 23:13 | Build | Farm |
| 23:14 | Create | Battering Ram |
| 23:14 | Build | Lumber Camp |
| 23:20 | Build | Farm |
| 23:28 | Build | Lumber Camp |
| 23:32 | Build | Farm |
| 23:38 | Build | Farm |
| 23:48 | Build | Farm |
| 23:54 | Build | Farm |
| 24:06 | Build | Farm |
| 24:27 | Build | House |
| 24:28 | Build | House |
| 24:35 | Create | Battering Ram |
| 25:04 | Research | Tech None |
| 25:18 | Build | Farm |
| 25:19 | Build | House |
| 25:25 | Build | House |
| 25:32 | Build | Farm |
| 25:40 | Create | Battering Ram |
| 26:16 | Build | Lumber Camp |
| 26:18 | Build | Farm |
| 26:27 | Build | Farm |
| 26:32 | Build | Farm |
| 26:37 | Build | Farm |
| 26:47 | Create | Skirmisher |
| 26:48 | Create | Skirmisher |
| 27:02 | Create | Skirmisher |
| 27:31 | Create | Battering Ram |
| 27:31 | Create | Mangonel |
| 27:31 | Create | Skirmisher |
| 27:42 | Create | Skirmisher |
| 27:56 | Create | Skirmisher |
| 28:09 | Research | Tech None |
| 28:14 | Create | Skirmisher |
| 28:14 | Create | Skirmisher |
| 28:17 | Create | Skirmisher |
| 28:18 | Research | Tech None |
| 28:46 | Build | Farm |
| 28:49 | Build | Farm |
| 28:50 | Research | Tech None |
| 28:53 | Build | Farm |
| 29:01 | Build | Farm |
| 29:05 | Build | Farm |
| 29:16 | Build | House |
| 29:19 | Build | House |
Build order —
First 150 of 515 actions detected
| 0:00 | Build | House |
| 0:00 | Build | House |
| 0:03 | Build | House |
| 1:42 | Build | Lumber Camp |
| 3:09 | Build | Mill |
| 3:24 | Build | Lumber Camp |
| 3:46 | Build | House |
| 5:52 | Research | Tech None |
| 6:41 | Research | Tech None |
| 6:41 | Build | Barracks |
| 7:44 | Build | Farm |
| 9:16 | Build | Farm |
| 9:16 | Build | Farm |
| 9:16 | Build | Market |
| 9:17 | Research | Tech None |
| 9:17 | Build | Mining Camp |
| 9:18 | Build | Blacksmith |
| 9:18 | Research | Tech None |
| 9:19 | Build | House |
| 10:01 | Build | Farm |
| 10:33 | Research | Tech None |
| 11:16 | Build | Archery Range |
| 11:19 | Research | Tech None |
| 11:43 | Build | Archery Range |
| 11:46 | Build | House |
| 11:58 | Build | House |
| 12:14 | Research | Tech None |
| 13:14 | Research | Tech None |
| 13:14 | Build | Town Center |
| 13:56 | Create | Archer |
| 14:18 | Build | Town Center |
| 14:38 | Research | Tech None |
| 14:59 | Build | Mining Camp |
| 15:09 | Build | Farm |
| 15:18 | Build | Farm |
| 15:47 | Build | Monastery |
| 16:04 | Build | Farm |
| 16:12 | Build | Farm |
| 16:17 | Create | Monk |
| 16:29 | Build | Archery Range |
| 16:44 | Build | Farm |
| 16:51 | Build | Farm |
| 16:57 | Build | House |
| 16:57 | Build | House |
| 17:15 | Create | Archer |
| 17:16 | Build | Stable |
| 17:17 | Build | Farm |
| 17:33 | Build | Farm |
| 17:45 | Build | Siege Workshop |
| 17:50 | Create | Archer |
| 18:06 | Research | Tech None |
| 18:07 | Create | Archer |
| 18:09 | Create | Archer |
| 18:13 | Build | Farm |
| 18:22 | Create | Archer |
| 18:22 | Build | House |
| 18:23 | Create | Archer |
| 18:23 | Build | House |
| 18:25 | Build | House |
| 18:27 | Build | Farm |
| 18:35 | Create | Archer |
| 18:38 | Build | Farm |
| 18:42 | Build | Farm |
| 18:46 | Build | House |
| 18:51 | Create | Archer |
| 18:52 | Build | Farm |
| 18:54 | Research | Tech None |
| 19:07 | Build | Farm |
| 19:10 | Build | Farm |
| 19:12 | Build | House |
| 19:18 | Build | Farm |
| 19:20 | Build | Farm |
| 19:32 | Create | Archer |
| 19:39 | Build | Farm |
| 19:41 | Build | Farm |
| 19:44 | Build | Farm |
| 19:46 | Create | Archer |
| 20:00 | Research | Tech None |
| 20:03 | Create | Archer |
| 20:04 | Build | Mining Camp |
| 20:09 | Build | Farm |
| 20:13 | Create | Archer |
| 20:21 | Create | Archer |
| 20:22 | Build | House |
| 20:32 | Build | Farm |
| 20:38 | Research | Tech None |
| 20:47 | Research | Tech None |
| 20:54 | Build | Farm |
| 20:55 | Build | House |
| 20:56 | Build | House |
| 21:07 | Build | Barracks |
| 21:17 | Create | Battering Ram |
| 21:21 | Build | House |
| 21:31 | Build | Farm |
| 21:46 | Build | House |
| 21:53 | Build | Farm |
| 21:57 | Build | Farm |
| 22:09 | Build | Farm |
| 22:09 | Research | Tech None |
| 22:11 | Create | Monk |
| 22:12 | Build | Farm |
| 22:16 | Research | Tech None |
| 22:22 | Build | Farm |
| 22:26 | Build | Farm |
| 22:31 | Build | Lumber Camp |
| 22:40 | Build | Farm |
| 22:48 | Build | Lumber Camp |
| 22:55 | Build | Farm |
| 23:00 | Build | Mill |
| 23:04 | Build | Farm |
| 23:26 | Build | Farm |
| 23:27 | Build | Farm |
| 23:27 | Build | House |
| 23:27 | Build | House |
| 23:30 | Build | Farm |
| 23:39 | Create | Battering Ram |
| 23:53 | Build | Farm |
| 23:54 | Build | Farm |
| 24:04 | Research | Tech None |
| 24:16 | Research | Tech None |
| 24:16 | Build | Farm |
| 24:17 | Research | Tech None |
| 24:17 | Research | Tech None |
| 24:17 | Build | Mill |
| 24:24 | Build | Mill |
| 24:28 | Build | Castle |
| 24:34 | Build | Mining Camp |
| 24:48 | Build | Mill |
| 24:57 | Create | Battering Ram |
| 24:57 | Create | Battering Ram |
| 25:09 | Research | Tech None |
| 25:23 | Build | House |
| 25:39 | Research | Tech None |
| 25:41 | Build | Market |
| 25:49 | Create | Battering Ram |
| 26:13 | Build | Castle |
| 26:15 | Create | Battering Ram |
| 26:19 | Research | Tech None |
| 26:27 | Build | Market |
| 26:33 | Build | Barracks |
| 26:56 | Build | Lumber Camp |
| 27:06 | Build | University |
| 27:11 | Create | Monk |
| 27:15 | Build | Barracks |
| 27:27 | Research | Tech None |
| 27:27 | Research | Tech None |
| 27:30 | Build | Barracks |
| 27:39 | Build | Barracks |
| 27:45 | Research | Tech None |
| 27:47 | Create | Scout Cavalry |
Build order —
First 150 of 505 actions detected
| 0:00 | Build | House |
| 0:00 | Build | House |
| 0:03 | Build | House |
| 1:42 | Build | Lumber Camp |
| 1:44 | Build | Lumber Camp |
| 3:26 | Build | Mill |
| 3:29 | Build | Lumber Camp |
| 3:46 | Build | House |
| 5:52 | Research | Tech None |
| 5:52 | Build | Farm |
| 5:52 | Build | House |
| 6:17 | Build | Farm |
| 6:36 | Build | Mining Camp |
| 7:40 | Build | Farm |
| 7:41 | Build | Farm |
| 7:42 | Build | Farm |
| 8:09 | Build | Farm |
| 8:21 | Build | House |
| 8:32 | Research | Tech None |
| 9:33 | Build | Barracks |
| 10:27 | Build | Mill |
| 10:56 | Create | Spearman |
| 10:56 | Build | Stable |
| 10:57 | Research | Tech None |
| 11:22 | Research | Tech None |
| 11:31 | Research | Tech None |
| 12:00 | Build | Blacksmith |
| 12:01 | Build | House |
| 12:23 | Build | Farm |
| 12:37 | Research | Tech None |
| 12:40 | Build | Farm |
| 12:50 | Build | Farm |
| 13:28 | Research | Tech None |
| 13:30 | Build | Farm |
| 13:30 | Build | Farm |
| 13:31 | Build | Farm |
| 15:18 | Research | Tech None |
| 15:18 | Create | Knight |
| 15:18 | Build | Town Center |
| 15:19 | Research | Tech None |
| 15:19 | Build | Town Center |
| 15:19 | Build | Lumber Camp |
| 15:20 | Build | House |
| 15:39 | Create | Knight |
| 15:39 | Build | House |
| 15:45 | Build | Farm |
| 15:46 | Build | Farm |
| 16:20 | Build | Farm |
| 16:37 | Build | Town Center |
| 16:56 | Build | Farm |
| 17:04 | Research | Tech None |
| 17:17 | Build | House |
| 17:17 | Build | House |
| 17:24 | Build | Farm |
| 17:28 | Build | Farm |
| 17:46 | Research | Tech None |
| 18:17 | Build | Stable |
| 18:30 | Research | Tech None |
| 18:39 | Build | Monastery |
| 18:58 | Build | Farm |
| 19:04 | Build | Farm |
| 19:04 | Build | House |
| 19:05 | Build | House |
| 19:27 | Create | Monk |
| 19:28 | Build | Farm |
| 19:49 | Build | Farm |
| 19:52 | Research | Tech None |
| 19:52 | Build | Market |
| 19:58 | Build | Farm |
| 20:19 | Build | Farm |
| 20:20 | Build | Farm |
| 20:24 | Build | Farm |
| 20:42 | Build | Farm |
| 20:44 | Build | Farm |
| 20:46 | Build | House |
| 20:47 | Build | House |
| 20:51 | Build | Farm |
| 20:52 | Research | Tech None |
| 21:05 | Build | Farm |
| 21:11 | Build | Farm |
| 21:14 | Build | House |
| 21:29 | Research | Tech None |
| 22:04 | Research | Tech None |
| 22:04 | Build | Town Center |
| 22:07 | Build | Town Center |
| 22:10 | Build | Farm |
| 22:27 | Build | Farm |
| 22:32 | Build | Farm |
| 22:47 | Build | Farm |
| 22:56 | Build | Farm |
| 22:57 | Build | Farm |
| 23:15 | Build | Siege Workshop |
| 23:22 | Build | Lumber Camp |
| 23:29 | Create | Monk |
| 23:42 | Research | Tech None |
| 23:42 | Build | House |
| 24:07 | Build | House |
| 24:14 | Build | House |
| 24:16 | Build | Lumber Camp |
| 24:32 | Build | Farm |
| 24:35 | Build | Archery Range |
| 24:52 | Build | Farm |
| 24:57 | Build | Farm |
| 24:58 | Build | Farm |
| 25:05 | Build | Farm |
| 25:05 | Build | Farm |
| 25:06 | Build | Farm |
| 25:09 | Build | Farm |
| 25:10 | Build | Farm |
| 25:12 | Research | Tech None |
| 25:12 | Build | House |
| 25:15 | Build | Castle |
| 25:17 | Build | Mining Camp |
| 25:22 | Build | House |
| 25:32 | Create | Battering Ram |
| 25:44 | Build | Barracks |
| 25:57 | Research | Tech None |
| 26:04 | Build | Barracks |
| 26:05 | Build | Market |
| 26:13 | Build | Farm |
| 26:14 | Build | Farm |
| 26:15 | Build | Farm |
| 26:15 | Build | Farm |
| 26:27 | Build | Farm |
| 26:30 | Build | Farm |
| 26:31 | Build | Farm |
| 26:34 | Research | Tech None |
| 26:37 | Build | Farm |
| 26:41 | Build | Farm |
| 26:41 | Build | Farm |
| 26:43 | Build | Farm |
| 26:48 | Build | Castle |
| 26:50 | Build | Farm |
| 26:52 | Build | Farm |
| 26:58 | Build | Farm |
| 27:05 | Build | Farm |
| 27:13 | Build | Farm |
| 27:18 | Build | Mill |
| 27:21 | Create | Scout Cavalry |
| 27:26 | Create | Scout Cavalry |
| 27:26 | Create | Janissary |
| 27:35 | Build | University |
| 27:36 | Build | University |
| 27:39 | Build | Barracks |
| 27:47 | Create | Janissary |
| 27:53 | Research | Tech None |
| 27:53 | Create | Janissary |
| 27:54 | Build | Market |
| 28:02 | Create | Scout Cavalry |
| 28:02 | Create | Janissary |
Build order —
First 150 of 450 actions detected
| 0:00 | Build | House |
| 0:00 | Build | House |
| 0:03 | Build | House |
| 1:42 | Build | Lumber Camp |
| 3:23 | Build | Mill |
| 3:44 | Build | Lumber Camp |
| 3:46 | Build | House |
| 5:52 | Research | Tech None |
| 5:52 | Build | House |
| 6:08 | Build | Farm |
| 6:17 | Build | Farm |
| 6:41 | Build | Mining Camp |
| 8:02 | Build | Lumber Camp |
| 8:21 | Build | House |
| 8:41 | Research | Tech None |
| 8:41 | Build | Barracks |
| 10:56 | Build | Farm |
| 10:56 | Build | Stable |
| 10:57 | Research | Tech None |
| 10:59 | Research | Tech None |
| 11:13 | Build | Blacksmith |
| 11:21 | Build | House |
| 11:35 | Build | Farm |
| 11:44 | Build | Farm |
| 11:46 | Research | Tech None |
| 11:59 | Build | Farm |
| 12:06 | Build | Farm |
| 12:21 | Build | Farm |
| 12:29 | Build | Farm |
| 12:39 | Build | Farm |
| 12:43 | Build | Farm |
| 13:01 | Build | Farm |
| 13:45 | Research | Tech None |
| 14:27 | Research | Tech None |
| 14:27 | Research | Tech None |
| 14:27 | Build | Town Center |
| 14:41 | Build | House |
| 14:47 | Build | House |
| 14:59 | Build | Town Center |
| 15:08 | Build | Farm |
| 15:32 | Research | Tech None |
| 15:41 | Research | Tech None |
| 16:19 | Build | Stable |
| 16:25 | Build | Farm |
| 16:30 | Build | Farm |
| 16:53 | Build | Farm |
| 17:02 | Build | Farm |
| 17:21 | Build | Farm |
| 17:22 | Build | House |
| 17:23 | Build | House |
| 17:38 | Build | Farm |
| 17:47 | Build | Farm |
| 17:53 | Build | House |
| 18:03 | Build | Farm |
| 18:09 | Build | Farm |
| 18:10 | Research | Tech None |
| 18:12 | Build | Farm |
| 18:37 | Build | Farm |
| 18:40 | Build | Monastery |
| 18:53 | Build | Farm |
| 19:02 | Build | Farm |
| 19:13 | Create | Monk |
| 19:27 | Build | Farm |
| 19:28 | Build | Farm |
| 19:31 | Build | Farm |
| 19:44 | Build | House |
| 19:45 | Build | House |
| 19:54 | Build | Farm |
| 20:08 | Build | Farm |
| 20:17 | Research | Tech None |
| 20:22 | Build | Market |
| 20:34 | Research | Tech None |
| 20:43 | Build | Mining Camp |
| 21:07 | Build | Stable |
| 21:07 | Build | House |
| 21:08 | Build | House |
| 21:30 | Build | Lumber Camp |
| 21:31 | Build | Farm |
| 21:34 | Build | House |
| 21:37 | Build | Farm |
| 21:41 | Build | Stable |
| 22:01 | Build | Siege Workshop |
| 22:23 | Build | Town Center |
| 22:24 | Build | Farm |
| 22:24 | Build | Farm |
| 22:30 | Build | Farm |
| 22:37 | Build | Lumber Camp |
| 22:46 | Build | Mining Camp |
| 22:54 | Build | House |
| 22:54 | Build | House |
| 22:57 | Build | Farm |
| 23:03 | Research | Tech None |
| 23:03 | Build | House |
| 23:04 | Research | Tech None |
| 23:04 | Research | Tech None |
| 23:10 | Create | Battering Ram |
| 23:37 | Build | Mining Camp |
| 23:49 | Create | Battering Ram |
| 23:53 | Create | Monk |
| 23:56 | Build | Archery Range |
| 24:07 | Create | Scout Cavalry |
| 24:07 | Research | Tech None |
| 24:15 | Build | Archery Range |
| 24:28 | Build | Barracks |
| 24:37 | Build | Market |
| 24:55 | Build | Barracks |
| 24:57 | Research | Tech None |
| 25:08 | Build | House |
| 25:12 | Build | House |
| 25:12 | Build | House |
| 25:16 | Create | Scout Cavalry |
| 25:17 | Create | Scout Cavalry |
| 25:18 | Build | Castle |
| 25:23 | Build | Market |
| 25:24 | Build | University |
| 25:31 | Build | Barracks |
| 25:33 | Create | Battering Ram |
| 25:33 | Build | Barracks |
| 25:39 | Build | House |
| 25:51 | Create | Scout Cavalry |
| 25:58 | Create | Scout Cavalry |
| 25:59 | Create | Scout Cavalry |
| 25:59 | Research | Tech None |
| 26:08 | Build | Market |
| 26:14 | Research | Tech None |
| 26:15 | Build | House |
| 26:16 | Build | House |
| 26:16 | Build | House |
| 26:17 | Build | House |
| 26:26 | Research | Tech None |
| 26:27 | Research | Tech None |
| 26:34 | Research | Tech None |
| 26:35 | Build | Market |
| 26:37 | Build | Lumber Camp |
| 26:44 | Build | Farm |
| 26:47 | Build | Farm |
| 26:52 | Build | Farm |
| 26:54 | Build | Farm |
| 26:57 | Build | Farm |
| 27:03 | Build | Farm |
| 27:04 | Build | Farm |
| 27:07 | Build | Farm |
| 27:13 | Build | Farm |
| 27:14 | Build | Castle |
| 27:15 | Build | Farm |
| 27:16 | Build | Farm |
| 27:18 | Build | Mill |
| 27:20 | Build | Mill |
| 27:29 | Build | Farm |
| 27:35 | Research | Tech None |
Match timeline
| 6:41 | · first_building Barracks |
| 7:15 | · first_building Barracks |
| 8:41 | · first_building Barracks |
| 8:46 | · first_building Archery Range |
| 9:33 | · first_building Barracks |
| 9:42 | NoisyBuoy · age_up feudal |
| 10:16 | · first_market_sell 100 wood |
| 10:33 | BigPoppaNoob · age_up feudal |
| 10:56 | · first_building Stable |
| 10:56 | · first_building Stable |
| 11:16 | · first_building Archery Range |
| 12:00 | HAKUNA MATATA · age_up feudal |
| 12:00 | cCc_BADDAL ~ 1071.571 · age_up feudal |
| 12:56 | HAKUNA MATATA · first_market_sell 100 food |
| 13:12 | NoisyBuoy · age_up castle |
| 13:44 | cCc_BADDAL ~ 1071.571 · wall_segment Stone Wall x1 |
| 14:03 | BigPoppaNoob · age_up castle |
| 14:56 | BigPoppaNoob · first_building Monastery |
| 15:16 | cCc_BADDAL ~ 1071.571 · first_market_sell 100 stone |
| 15:40 | HAKUNA MATATA · age_up castle |
| 15:44 | BigPoppaNoob · first_market_buy 100 food |
| 15:47 | · first_building Monastery |
| 16:02 | NoisyBuoy · first_building Monastery |
| 16:06 | HAKUNA MATATA · first_building Castle |
| 16:19 | HAKUNA MATATA · wall_segment Palisade Wall x1 |
| 16:22 | HAKUNA MATATA · wall_segment Palisade Wall x1 |
| 17:04 | · first_market_sell 100 wood |
| 17:16 | · first_building Stable |
| 17:45 | · first_building Siege Workshop |
| 18:39 | · first_building Monastery |
| 18:40 | · first_building Monastery |
| 19:12 | cCc_BADDAL ~ 1071.571 · first_market_buy 100 food |
| 19:16 | · first_building Siege Workshop |
| 20:32 | HAKUNA MATATA · wall_segment Stone Wall x3 |
| 20:57 | BigPoppaNoob · first_market_sell 100 wood |
| 21:47 | · first_market_sell 100 food |
| 22:01 | · first_building Siege Workshop |
| 22:03 | cCc_BADDAL ~ 1071.571 · age_up castle |
| 22:11 | · first_market_buy 100 wood |
| 22:29 | cCc_BADDAL ~ 1071.571 · first_building Castle |
| 22:35 | cCc_BADDAL ~ 1071.571 · first_building Siege Workshop |
| 22:48 | cCc_BADDAL ~ 1071.571 · wall_segment Stone Wall x5 |
| 23:15 | · first_building Siege Workshop |
| 23:21 | · first_market_buy 100 food |
| 23:56 | · first_building Archery Range |
| 24:13 | · first_market_buy 100 wood |
| 24:17 | · first_market_sell 100 food |
| 24:24 | HAKUNA MATATA · first_building Siege Workshop |
| 24:28 | · first_building Castle |
| 24:35 | · first_building Archery Range |
| 24:39 | NoisyBuoy · first_building Castle |
| 25:12 | BigPoppaNoob · first_building Barracks |
| 25:15 | · first_building Castle |
| 25:18 | · first_building Castle |
| 25:24 | NoisyBuoy · first_market_sell 100 food |
| 25:54 | HAKUNA MATATA · wall_segment Stone Wall x5 |
| 26:00 | BigPoppaNoob · first_building Stable |
| 26:13 | cCc_BADDAL ~ 1071.571 · wall_segment Palisade Wall x1 |
| 26:20 | cCc_BADDAL ~ 1071.571 · wall_segment Palisade Wall x3 |
| 27:33 | BigPoppaNoob · first_building Castle |
| 28:00 | BigPoppaNoob · age_up imperial |
| 28:02 | HAKUNA MATATA · wall_segment Stone Wall x47 |
| 28:45 | NoisyBuoy · first_building Barracks |
| 28:59 | NoisyBuoy · age_up imperial |
| 29:03 | NoisyBuoy · tribute_sent a jugador 1 |
| 29:03 | NoisyBuoy · tribute_sent a jugador 2 |
| 29:03 | NoisyBuoy · tribute_sent a jugador 4 |
| 29:03 | NoisyBuoy · tribute_sent a jugador 5 |
| 29:03 | NoisyBuoy · tribute_sent a jugador 6 |
| 29:03 | NoisyBuoy · tribute_sent a jugador 7 |
| 29:03 | NoisyBuoy · tribute_sent a jugador 8 |
| 29:28 | NoisyBuoy · first_building Stable |
| 29:43 | NoisyBuoy · tribute_sent a jugador 1 |
| 29:43 | NoisyBuoy · tribute_sent a jugador 2 |
| 29:43 | NoisyBuoy · tribute_sent a jugador 4 |
| 29:43 | NoisyBuoy · tribute_sent a jugador 5 |
| 29:43 | NoisyBuoy · tribute_sent a jugador 6 |
| 29:43 | NoisyBuoy · tribute_sent a jugador 7 |
| 29:43 | NoisyBuoy · tribute_sent a jugador 8 |
| 31:30 | cCc_BADDAL ~ 1071.571 · wall_segment Stone Wall x1 |
| 31:37 | · first_market_buy 100 stone |
| 32:17 | · first_building Monastery |
| 33:20 | NoisyBuoy · first_building Archery Range |
| 34:08 | BigPoppaNoob · wall_segment Palisade Wall x3 |
| 34:14 | NoisyBuoy · first_market_buy 100 wood |
| 34:55 | cCc_BADDAL ~ 1071.571 · first_building Barracks |
| 35:22 | BigPoppaNoob · first_building Archery Range |
| 35:54 | HAKUNA MATATA · age_up imperial |
| 36:02 | · first_building Castle |
| 37:13 | HAKUNA MATATA · first_building Barracks |
| 37:19 | · first_building Stable |
| 37:58 | HAKUNA MATATA · first_building Archery Range |
| 39:09 | HAKUNA MATATA · wall_segment Stone Wall x56 |
| 39:55 | HAKUNA MATATA · wall_segment Stone Wall x11 |
| 40:23 | NoisyBuoy · resign |
[ AI ANALYSIS · 1 CREDIT ]
What really happened in this match?
Wolo.gg analyzes every decision: build order, eco, micro, common mistakes by bracket. Personalized analysis on WhatsApp or Discord in 30 seconds.
Civ guide
Mongols
Perfil
BigPoppaNoob